PAA
CHESAPEAKE CONTINENTALS @ SPRINGFIELD SHOOTERS
08/09/2031
 
TOP OF THE 1ST
Chesapeake Continentals batting - Pitching for Springfield Shooters : RHP Tony DeWitt
Pitching: RHP Tony DeWitt
Batting: RHB Dani Durán 0-0: Ball
1-0: Ball
2-0: Foul Ball, location: 2F
2-1: Called Strike
2-2: Strikes out swinging
Batting: LHB Mathias Gudmestad 0-0: Called Strike
0-1: Foul Ball, location: 2F
0-2: Ground out 4-3 (Groundball, 4M)
Batting: RHB Ray Walker 0-0: Called Strike
0-1: Called Strike
0-2: Strikes out swinging
Top of the 1st over - 0 runs, 0 hits, 0 errors, 0 left on base; Chesapeake 0 - Springfield 0
BOTTOM OF THE 1ST
Springfield Shooters batting - Pitching for Chesapeake Continentals : RHP Andrew Prieto
Pitching: RHP Andrew Prieto
Batting: RHB Sébastien Bernard 0-0: Foul Ball, location: 2F
0-1: Ball
1-1: Ball
2-1: Ball
3-1: Base on Balls
Batting: RHB Eun-bum Kim 0-0: Called Strike
0-1: Foul Ball, location: 2F
0-2: Foul Ball, location: 2F
0-2: Ball
1-2: Strikes out swinging
Batting: RHB Stephen Chávez 0-0: Foul Ball, location: 2F
0-1: Called Strike
0-2: Ball
1-2: Foul Ball, location: 2F
1-2: Ball
2-2: Ball
Passed Ball!
Sébastien Bernard to second
3-2: Base on Balls
Batting: LHB Ángelo Corona 0-0: Swinging Strike
0-1: Foul Ball, location: 2F
0-2: Strikes out looking
Batting: RHB Bastiaan Pieterse 0-0: Called Strike
0-1: Fly out, F9 (Flyball, 9S)
Bottom of the 1st over - 0 runs, 0 hits, 0 errors, 2 left on base; Chesapeake 0 - Springfield 0
TOP OF THE 2ND
Chesapeake Continentals batting - Pitching for Springfield Shooters : RHP Tony DeWitt
Batting: SHB Peer van Lochem 0-0: Ball
1-0: Called Strike
1-1: Called Strike
1-2: Fly out, F7 (Flyball, 78M)
Batting: RHB Phil Oostermeer 0-0: Ball
1-0: Ball
2-0: Fly out, F9 (Flyball, 9LM)
Batting: LHB Bartholomew Bailey 0-0: Ball
1-0: Ball
2-0: Ball
3-0: Base on Balls
Batting: RHB Otton Dis 0-0: Ball
1-0: Foul Ball, location: 2F
1-1: Fly out, F7 (Line Drive, 7D)
Top of the 2nd over - 0 runs, 0 hits, 0 errors, 1 left on base; Chesapeake 0 - Springfield 0
BOTTOM OF THE 2ND
Springfield Shooters batting - Pitching for Chesapeake Continentals : RHP Andrew Prieto
Batting: RHB Tony Martínez 0-0: Called Strike
0-1: Ball
1-1: Foul Ball, location: 2F
1-2: Foul Ball, location: 2F
1-2: Strikes out swinging
Batting: RHB Jack Stidston 0-0: Foul Ball, location: 2F
0-1: Ball
1-1: Ball
2-1: Ball
3-1: Fly out, F8 (Flyball, 8LD)
Batting: RHB Lee Charles 0-0: Ground out 6-3 (Groundball, 6)
Bottom of the 2nd over - 0 runs, 0 hits, 0 errors, 0 left on base; Chesapeake 0 - Springfield 0
TOP OF THE 3RD
Chesapeake Continentals batting - Pitching for Springfield Shooters : RHP Tony DeWitt
Batting: SHB Tomás Valdéz 0-0: Foul Ball, location: 2F
0-1: Ball
1-1: Called Strike
1-2: Strikes out looking
Batting: RHB Alfonso Morín 0-0: Called Strike
0-1: Called Strike
0-2: Ball
1-2: Foul Ball, location: 2F
1-2: Ball
2-2: Ground out 1-3 (Groundball, 13S)
Batting: RHB Dani Durán 0-0: Ball
1-0: Foul Ball, location: 2F
1-1: Ball
2-1: Swinging Strike
2-2: Foul Ball, location: 2F
2-2: Fly out, F6 (Line Drive, 6)
Top of the 3rd over - 0 runs, 0 hits, 0 errors, 0 left on base; Chesapeake 0 - Springfield 0
BOTTOM OF THE 3RD
Springfield Shooters batting - Pitching for Chesapeake Continentals : RHP Andrew Prieto
Batting: RHB Lev Migranov 0-0: Swinging Strike
0-1: Ball
1-1: Foul Ball, location: 2F
1-2: Strikes out swinging
Batting: RHB Sébastien Bernard 0-0: SINGLE (Groundball, 56D)
Batting: RHB Eun-bum Kim 0-0: Ball
1-0: Ball
Sébastien Bernard steals 2nd base
2-0: Swinging Strike
2-1: Foul Ball, location: 2F
2-2: Strikes out looking
Batting: RHB Stephen Chávez 0-0: Ball
1-0: Fly out, F7 (Flyball, 7D)
Bottom of the 3rd over - 0 runs, 1 hit, 0 errors, 1 left on base; Chesapeake 0 - Springfield 0
TOP OF THE 4TH
Chesapeake Continentals batting - Pitching for Springfield Shooters : RHP Tony DeWitt
Batting: LHB Mathias Gudmestad 0-0: Foul Ball, location: 2F
0-1: SINGLE (Line Drive, 78M)
Batting: RHB Ray Walker 0-0: Ball
Mathias Gudmestad is caught stealing 2nd base
1-0: Ball
2-0: Foul Ball, location: 2F
2-1: Ball
3-1: Swinging Strike
3-2: SINGLE (Flyball, 89S)
Batting: SHB Peer van Lochem 0-0: Ball
Ray Walker steals 2nd base
1-0: Ground out 4-3 (Groundball, 34D)
Ray Walker to third
Batting: RHB Phil Oostermeer 0-0: Ball
1-0: Ground out 6-3 (Groundball, 56)
Top of the 4th over - 0 runs, 2 hits, 0 errors, 1 left on base; Chesapeake 0 - Springfield 0
BOTTOM OF THE 4TH
Springfield Shooters batting - Pitching for Chesapeake Continentals : RHP Andrew Prieto
Batting: LHB Ángelo Corona 0-0: Ball
1-0: Ball
2-0: Ground out 3-1 (Groundball, 34S)
Batting: RHB Bastiaan Pieterse 0-0: Ball
1-0: Swinging Strike
1-1: Fly out, F4 (Popup, 4M)
Batting: RHB Tony Martínez 0-0: Ball
1-0: Foul Ball, location: 2F
1-1: Ball
2-1: Foul Ball, location: 2F
2-2: Foul Ball, location: 2F
2-2: Foul Ball, location: 2F
2-2: Strikes out swinging
Bottom of the 4th over - 0 runs, 0 hits, 0 errors, 0 left on base; Chesapeake 0 - Springfield 0
TOP OF THE 5TH
Chesapeake Continentals batting - Pitching for Springfield Shooters : RHP Tony DeWitt
Batting: LHB Bartholomew Bailey 0-0: Ball
1-0: Ground out 5-3 (Groundball, 5)
Batting: RHB Otton Dis 0-0: Ball
1-0: Swinging Strike
1-1: Ball
2-1: Ball
3-1: Base on Balls
Batting: SHB Tomás Valdéz 0-0: Foul Ball, location: 2F
0-1: Ball
1-1: Ball
2-1: Called Strike
2-2: Foul Ball, location: 2F
2-2: Strikes out swinging
Batting: RHB Alfonso Morín 0-0: Ground out 6-3 (Groundball, 6M)
Top of the 5th over - 0 runs, 0 hits, 0 errors, 1 left on base; Chesapeake 0 - Springfield 0
BOTTOM OF THE 5TH
Springfield Shooters batting - Pitching for Chesapeake Continentals : RHP Andrew Prieto
Batting: RHB Jack Stidston 0-0: Fly out, F7 (Flyball, 7S)
Batting: RHB Lee Charles 0-0: Ball
1-0: Swinging Strike
1-1: Ball
2-1: Foul Ball, location: 2F
2-2: Foul Ball, location: 2F
2-2: SINGLE (Flyball, 78M)
Batting: RHB Lev Migranov 0-0: SINGLE (Flyball, 8RS)
Lee Charles to second
Batting: RHB Sébastien Bernard 0-0: Ball
1-0: Ball
2-0: Ball
3-0: Called Strike
3-1: Foul Ball, location: 2F
3-2: Ground out 6-3 (Groundball, 6S)
Lee Charles to third
Lev Migranov to second
Batting: RHB Eun-bum Kim 0-0: Called Strike
0-1: Ball
1-1: Foul Ball, location: 2F
1-2: Ground out 5-3 (Groundball, 5S)
Bottom of the 5th over - 0 runs, 2 hits, 0 errors, 2 left on base; Chesapeake 0 - Springfield 0
TOP OF THE 6TH
Chesapeake Continentals batting - Pitching for Springfield Shooters : RHP Tony DeWitt
Batting: RHB Dani Durán 0-0: Ball
1-0: Ball
2-0: Ball
3-0: Called Strike
3-1: Foul Ball, location: 2F
3-2: Base on Balls
Batting: LHB Mathias Gudmestad 0-0: Sac Bunt - play at first, batter OUT! 1-4
Dani Durán to second
Batting: RHB Ray Walker 0-0: Foul Ball, location: 2F
0-1: Ground out 5-3 (Groundball, 56)
Batting: SHB Peer van Lochem 0-0: Fly out, F8 (Flyball, 8RM)
Top of the 6th over - 0 runs, 0 hits, 0 errors, 1 left on base; Chesapeake 0 - Springfield 0
BOTTOM OF THE 6TH
Springfield Shooters batting - Pitching for Chesapeake Continentals : RHP Andrew Prieto
Batting: RHB Stephen Chávez 0-0: Foul Ball, location: 2F
0-1: Called Strike
0-2: Ball
1-2: Ball
2-2: Ball
3-2: Ground out 5-3 (Groundball, 56)
Batting: LHB Ángelo Corona 0-0: Ball
1-0: Ball
2-0: Ball
3-0: Called Strike
3-1: SINGLE (Flyball, 6MD)
Batting: RHB Bastiaan Pieterse 0-0: Ball
1-0: Ball
2-0: Called Strike
Ángelo Corona steals 2nd base
2-1: Intentional Walk
Batting: RHB Tony Martínez 0-0: Ball
1-0: Grounds into double play, 6-4-3 (Groundball, 56)
Bottom of the 6th over - 0 runs, 1 hit, 0 errors, 1 left on base; Chesapeake 0 - Springfield 0
TOP OF THE 7TH
Chesapeake Continentals batting - Pitching for Springfield Shooters : RHP Tony DeWitt
Batting: RHB Phil Oostermeer 0-0: Foul Ball, location: 2F
0-1: Swinging Strike
0-2: Ground out U3 (Groundball, 3S)
Batting: LHB Bartholomew Bailey 0-0: Ball
1-0: Ball
2-0: Fly out, F7 (Flyball, 7LM)
Pinch Hitting: RHB Seth Rollins 0-0: Ball
1-0: Called Strike
1-1: Fly out, F7 (Flyball, 7S)
Top of the 7th over - 0 runs, 0 hits, 0 errors, 0 left on base; Chesapeake 0 - Springfield 0
BOTTOM OF THE 7TH
Springfield Shooters batting - Pitching for Chesapeake Continentals : RHP Andrew Prieto
Now at SS: Rio Mence
Batting: RHB Jack Stidston 0-0: Ball
1-0: Called Strike
1-1: SINGLE (Flyball, 89M)
Batting: RHB Lee Charles 0-0: Foul Ball, location: 2F
0-1: Ball
1-1: Called Strike
1-2: Fly out, F7 (Flyball, 7S)
Pinch Hitting: LHB Armando Rodríguez 0-0: Called Strike
0-1: Foul Ball, location: 2F
0-2: Fielders Choice at 2nd, 3-6 (Groundball, 3)
Pitching: RHP Howard Vidaurri
Batting: RHB Sébastien Bernard 0-0: Ball
1-0: Ball
2-0: Called Strike
2-1: Foul Ball, location: 2F
2-2: Strikes out swinging
Bottom of the 7th over - 0 runs, 1 hit, 0 errors, 1 left on base; Chesapeake 0 - Springfield 0
TOP OF THE 8TH
Chesapeake Continentals batting - Pitching for Springfield Shooters : RHP Tony DeWitt
Now in LF: Armando Rodríguez
Pinch Hitting: LHB Raphaël Duval 0-0: Called Strike
0-1: Ball
1-1: Ball
2-1: Foul Ball, location: 2F
2-2: Ball
3-2: Ground out 4-3 (Groundball, 34)
Pitching: RHP Richard Hubbard
Batting: RHB Alfonso Morín 0-0: Ball
1-0: Ball
2-0: Ground out U3 (Groundball, 3)
Pinch Hitting: RHB Obi Jones 0-0: Fly out, F8 (Flyball, 89D)
Top of the 8th over - 0 runs, 0 hits, 0 errors, 0 left on base; Chesapeake 0 - Springfield 0
BOTTOM OF THE 8TH
Springfield Shooters batting - Pitching for Chesapeake Continentals : RHP Howard Vidaurri
Now at 1B: Raphaël Duval
Now in RF: Wes Griffith
Batting: RHB Eun-bum Kim 0-0: Called Strike
0-1: Ball
1-1: Foul Ball, location: 2F
1-2: Foul Ball, location: 2F
1-2: Foul Ball, location: 2F
1-2: Ball
2-2: Ground out U3 (Groundball, 34)
Batting: RHB Stephen Chávez 0-0: Called Strike
0-1: Ball
1-1: Called Strike
1-2: Foul Ball, location: 2F
1-2: Ball
2-2: SINGLE (Groundball, 6D)
Batting: LHB Ángelo Corona Balk!
Stephen Chávez to second
0-0: Ball
1-0: 2-RUN HOME RUN (Flyball, 9LD), Distance : 345 ft
Pitching: LHP Cedric Zuercher
Batting: RHB Bastiaan Pieterse 0-0: Called Strike
0-1: Ball
1-1: Swinging Strike
1-2: Ground out 5-3 (Groundball, 56)
Batting: RHB Tony Martínez 0-0: Called Strike
0-1: Foul Ball, location: 2F
0-2: Foul Ball, location: 2F
0-2: Fly out, F8 (Flyball, 8LD)
Bottom of the 8th over - 2 runs, 2 hits, 0 errors, 0 left on base; Chesapeake 0 - Springfield 2
TOP OF THE 9TH
Chesapeake Continentals batting - Pitching for Springfield Shooters : RHP Richard Hubbard
Pitching: RHP Dermot Eridge
Batting: LHB Mathias Gudmestad 0-0: Foul Ball, location: 2F
0-1: Ball
1-1: Called Strike
1-2: Ground out U3 (Groundball, 34S)
Batting: RHB Ray Walker 0-0: Ball
1-0: Foul Ball, location: 2F
1-1: Fly out, F8 (Line Drive, 8RD)
Batting: SHB Peer van Lochem 0-0: Called Strike
0-1: Ball
1-1: Swinging Strike
1-2: Ball
2-2: Strikes out swinging
Top of the 9th over - 0 runs, 0 hits, 0 errors, 0 left on base; Chesapeake 0 - Springfield 2
Tuesday, June 12th, 2018 - OOTP Baseball 18.8 Build 76